 Dungeon Crawl Stone Soup version 0.30-b1-2-g02819fbbbe (webtiles) character file.

Game seed: 12196645311112070506

8 Alarkh the Vexing (level 2, 21/21 HPs)
             Began as a Demonspawn Hexslinger on July 9, 2023.
             Got out of the dungeon alive.
             The game lasted 00:00:32 (160 turns).

Alarkh the Vexing (Demonspawn Hexslinger)            Turns: 160, Time: 00:00:33

Health: 21/21      AC:  2    Str: 10    XL:     2   Next: 0%
Magic:  3/3        EV: 12    Int: 14    God:
Gold:   0          SH:  0    Dex: 13    Spells: 2/3 levels left

rFire   . . .        a - +1 sling
rCold   . . .        (no shield)
rNeg    . . .        c - +0 robe
rPois   .            (no helmet)
rElec   .            (no cloak)
rCorr   .            (no gloves)
SInv    .            (no boots)
Will    .....        (no amulet)
Stlth   +            (no ring)
HPRegen 0.23/turn    (no ring)
MPRegen 0.16/turn

%: no passive effects
@: no status effects
A: magic regeneration
a: no special abilities


You escaped.
You visited 1 branch of the dungeon, and saw 1 of its levels.

Inventory:

Hand Weapons
 a - a +1 sling (weapon)
Armour
 c - a +0 robe (worn)
Scrolls
 b - a scroll of poison
Potions
 d - a potion of heal wounds {unknown}


   Skills:
 + Level 1.4 Fighting
 * Level 2.2 Ranged Weapons
 - Level 1.7 Dodging
 - Level 1.0 Spellcasting
 - Level 3.0 Hexes


You had 2 spell levels left.
You knew the following spells:

 Your Spells              Type           Power      Damage    Failure   Level
a - Slow                  Hex            36%        N/A       8%          1

Your spell library contained the following spells:

 Spells                   Type           Power      Damage    Failure   Level
 Inner Flame              Hex/Fire       4%         N/A       38%         3
 Portal Projectile        Hex/Tloc       8%         N/A       38%         3
 Cause Fear               Hex            4%         N/A       58%         4


Dungeon Overview and Level Annotations

Branches:
Dungeon (1/15)

Altars:


Innate Abilities, Weirdness & Mutations

You regenerate magic rapidly.


Message History

A rat comes into view.
A rat is nearby!
A rat is nearby!
You shoot a sling bullet. The sling bullet hits the rat!
You kill the rat!
A bat comes into view.
The bat misses you.
You shoot a sling bullet. The sling bullet hits the bat.
You kill the bat!
The endoplasm hits you.
An endoplasm is nearby!
An endoplasm is nearby!
You shoot a sling bullet. The sling bullet hits the endoplasm.
The endoplasm is severely wounded.
The endoplasm barely misses you.
You shoot a sling bullet. The sling bullet hits the endoplasm.
The endoplasm is severely wounded.
The endoplasm hits you.
You shoot a sling bullet.
The sling bullet barely misses the endoplasm.
The endoplasm freezes you.
You are frozen.
The endoplasm hits you.
You shoot a sling bullet.
The sling bullet hits the endoplasm but does no damage.
The endoplasm is severely wounded.
The endoplasm hits you.
You shoot a sling bullet. The sling bullet hits the endoplasm.
You kill the endoplasm!
You have reached level 2!
Your demonic ancestry asserts itself...
Your magic begins to regenerate rapidly.
Unknown command.
HP restored.
There is an open door here.
You enter the shallow water.
Moving in this stuff is going to be slow.
There is an open door here.
There is a staircase leading out of the dungeon here.
Are you sure you want to leave the Dungeon?
This will make you lose the game!
You have escaped!

≈≈≈ #. #≈≈≈ #~≈≈≈ ≈≈≈ +
#.≈≈###≈≈# ≈# ##+#
#~~≈#>#≈≈##≈≈+
##...###.~≈#@#≈≈≈≈≈≈≈
##.....##~~~#'#≈≈≈≈≈≈≈
##.......##..≈~~~≈≈≈~≈~
###.........##.~.~~~~..~~
..+.........'.......#####
............##.#...##
...#.......###.##..#
.##.......## #.....#
#.#..#...## #####.#


There were no monsters in sight!

Vanquished Creatures
  3 endoplasms (D:1)
  A goblin (D:1)
  2 bats (D:1)
  2 rats (D:1)
8 creatures vanquished.

Notes
Turn   | Place    | Note
-------+----------+-------------------------------------------
     0 | D:1      | Alarkh the Demonspawn Hexslinger began the quest for the
                  | Orb.
     0 | D:1      | Reached XP level 1. HP: 15/15 MP: 2/2
   121 | D:1      | Gained mutation: You regenerate magic rapidly. [demonic
                  | ancestry]
   121 | D:1      | Reached XP level 2. HP: 12/21 MP: 3/3
   160 | D:$      | Got out of the dungeon alive.

Illustrated notes

Levels and vault maps discovered:
D:1:      minmay_arrival_floating_metal, layout_loops_corners,
          minmay_misc_feat_secret_circle, minmay_split_cup_large

Skill      XL: |  1 |
---------------+----+-----
Ranged Weapons | 2 |  2.2
Fighting       | |  1.4
Dodging        | |  1.7
Spellcasting   | |  1.0
Hexes          | |  3.0

Action                     || total
---------------------------++-------
   Fire: Sling             ||    18
  Dodge: Dodged            ||     3
